 Dungeon Crawl Stone Soup version 0.25.1-2-g60ff931df9 (webtiles) character file.

Game seed: 16285528813084882712

57647 Ijustatesigmund the Severer (level 14, 0/102 HPs)
             Began as an Octopode Fighter on Sept 8, 2020.
             Was the Champion of Cheibriados.
             Slain by a death yak (22 damage)
             ... on level 6 of the Lair of Beasts.
             The game lasted 00:46:31 (22887 turns).

Ijustatesigmund the Severer (Octopode Fighter)     Turns: 22887, Time: 00:46:31

Health: 0/102      AC:  5    Str: 31    XL:     14   Next: 87%
Magic:  19/23      EV: 29    Int: 34    God:    Cheibriados [******]
Gold:   1348       SH:  5    Dex: 42    Spells: 13/13 levels left

rFire    + . .     SeeInvis .   M - +9 executioner's axe of the Slicing Hero {flame, Int+4}
rCold    . . .     Gourm    .   (shield currently unavailable)
rNeg     + . .     Faith    .   (helmet restricted)
rPois    +         Spirit   .   D - amulet of reflection
rElec    .         Reflect  +   h - +4 ring of protection
rCorr    .         Harm     .   k - ring of positive energy
MR       +....                  t - +6 ring of dexterity
Stlth    ++++++....             n - +6 ring of dexterity
HPRegen  0.27/turn              y - ring of protection from fire
MPRegen  0.18/turn              B - ring of stealth
                                I - ring of poison resistance
                                (no ring)

@: about to teleport, very slow
A: almost no armour, stealthy swim, amphibious, 8 rings, constrict 8, camouflage
1, clever 2, gelatinous body 1
a: Bend Time, Temporal Distortion, Slouch, Step From Time, Renounce Religion


You were on level 6 of the Lair of Beasts.
You worshipped Cheibriados.
Cheibriados was exalted by your worship.
You were not hungry.

You visited 3 branches of the dungeon, and saw 22 of its levels.
You also visited: Sewer, Ossuary and Ice Cave.

You collected 1348 gold pieces.

Inventory:

Hand Weapons
 a - a +5 war axe
 m - a +1 hand axe of flaming
 r - a +2 morningstar of protection
 M - the +9 executioner's axe of the Slicing Hero (weapon) {flame, Int+4}
   (You acquired it on level 2 of the Lair of Beasts)

   It has been specially enchanted to burn those struck by it, causing extra
   injury to most foes and up to half again as much damage against particularly
   susceptible opponents.
   Big, fiery blades are also staple armaments of hydra-hunters.
   It affects your intelligence (+4).
Armour
 b - a +1 kite shield
Jewellery
 h - a +4 ring of protection (left tentacle)
 k - a ring of positive energy (right tentacle)
 n - a +6 ring of dexterity (on tentacle)
 t - a +6 ring of dexterity (on tentacle)
 y - a ring of protection from fire (on tentacle)
 B - a ring of stealth (on tentacle)
 D - an amulet of reflection (around mantle)
 I - a ring of poison resistance (on tentacle)
 Q - an uncursed ring of stealth
Wands
 o - a wand of clouds (3)
 q - a wand of acid (2)
 F - a wand of polymorph (8)
 G - a wand of enslavement (1)
 H - a wand of iceblast (10)
 N - a wand of paralysis (5)
 O - a wand of digging (6)
 P - a wand of disintegration (16)
Scrolls
 e - 6 scrolls of magic mapping
 f - 7 scrolls of remove curse
 g - 10 scrolls of amnesia
 j - 3 scrolls of immolation
 l - 4 scrolls of enchant armour
 p - 8 scrolls of teleportation
 s - 3 scrolls of fear
 A - a scroll of blinking
 J - a scroll of torment
 K - 4 scrolls of identify
 S - a scroll of enchant weapon
Potions
 c - 2 potions of might
 i - 3 potions of lignification
 u - a potion of stabbing
 v - a potion of heal wounds
 w - 4 potions of flight
 x - 2 potions of curing
 z - 3 potions of brilliance
 C - 3 potions of cancellation
 L - 2 potions of magic
Comestibles
 d - 33 rations


   Skills:
 + Level 11.6 Fighting
 + Level 15.7 Axes
 + Level 11.2 Dodging
 - Level 3.2 Stealth
 - Level 10.0 Shields
 + Level 12.0 Invocations
 - Level 6.3 Evocations


You had 13 spell levels left.
You didn't know any spells.
Your spell library contained the following spells:

 Spells                   Type           Power        Failure   Level  Hunger
 Beastly Appendage        Tmut           #.....       8%          1    ##.....
 Infusion                 Chrm           #...         8%          1    ##.....
 Shroud of Golubria       Chrm/Tloc      #.....       11%         2    ###....
 Song of Slaying          Chrm           #.......     11%         2    ###....
 Sticks to Snakes         Tmut           #.......     11%         2    ###....
 Ozocubu's Armour         Chrm/Ice       #.......     22%         3    ####...
 Spectral Weapon          Hex/Chrm       #.......     22%         3    ####...
 Spider Form              Tmut/Pois      #.........   22%         3    ####...
 Ice Form                 Ice/Tmut       #.......     58%         4    #####..
 Blade Hands              Tmut           #.........   90%         5    ######.
 Bolt of Magma            Conj/Fire/Erth #.........   90%         5    ######.
 Iskenderun's Battlesphe  Conj/Chrm      #.......     90%         5    ######.
 Iron Shot                Conj/Erth      #.........   100%        6    #######
 Orb of Destruction       Conj           #.........   100%        7    #######
 Spellforged Servitor     Conj/Summ      #.........   100%        7    #######


Dungeon Overview and Level Annotations

Branches:
Dungeon (15/15)            Temple (1/1) D:6            Lair (6/6) D:10
  Swamp (0/4) Lair:2       Spider (0/4) Lair:4        Slime (0/5) Lair:5
    Orc (0/2) D:10         Depths (0/5) D:15          Sewer (visited)
Ossuary (visited)           IceCv (visited)
 Vaults: D:13-14

Altars:
Ashenzari
Cheibriados
Dithmenos
Elyvilon
Fedhas
Makhleb
Nemelex Xobeh
Okawaru
Qazlal
Ru
Trog
Wu Jian
Xom
Zin
The Shining One
Beogh
Jiyva

Shops:
D:13 %

Annotations:
D:10 exclusion: orange crystal statue
D:15 Kirke


Innate Abilities, Weirdness & Mutations

You cannot wear most types of armour.
You are very stealthy in the water. (Stealth+)
You are amphibious.
You can wear up to eight rings at the same time.
You can use your tentacles to constrict eight enemies at once.
Your skin changes colour to match your surroundings (Stealth+).
Your rubbery body absorbs attacks. (AC +1, EV +1)
Your mind is very acute. (Int +4)


Message History

You assume a fearsome visage.
The spiny frog looks frightened!
The four-headed hydra looks frightened!
The dream sheep looks frightened!
The dream sheep bleats in terror.
The dream sheep looks frightened!
The dream sheep panics and turns to flee.
The dream sheep looks frightened!
A frightened dream sheep leaps away.
The dream sheep looks frightened!
The dream sheep stampedes away.
The dream sheep looks frightened!
The dream sheep bleats in terror.
The death yak resists with almost no effort. x2
The death yak looks frightened! x2
The death yak resists with almost no effort.
A spiny frog comes into view.
A dream sheep comes into view. x2
As you read the scroll of teleportation, it crumbles to dust.
You feel strangely unstable. The death yak gores you!
* * * LOW HITPOINT WARNING * * *
The death yak gores you!!
You die...

Y.....Y........ ....Y..........
....D. YY.F..FY...... .....
..P..........## ....#
##..........FY.##### ..#.
#........Y....#....# ...#
#......Y.Y........#
#..#####...(.Y.Y@.......#
.....##P..............###
.....##.................#
..............(.......#.#####
.......................##.#.###
.†..................#.###....P#
..†.....P............#...#...##
.........................P...##
............................#.##


You could see 5 death yaks, 2 spiny frogs, a blink frog and 7 dream sheep.

Vanquished Creatures
  6 hydras
  3 two-headed ogres
  9 death yaks
  Urug (Lair:3)
  3 unseen horrors
  A wizard (D:15)
  A wolf spider (Lair:2)
  An oklob plant (Lair:3)
  4 ugly things
  A cyclops (D:12)
  A manticore (D:12)
  4 black mambas
  3 elephants (Lair:4)
  2 ice statues (IceCv)
  A torpor snail (Lair:5)
  A gargoyle (D:12)
  3 rime drakes
  9 spiny frogs
  A yaktaur (shapeshifter) (D:13)
  4 kobold demonologists
  3 komodo dragons
  An efreet (D:14)
  3 polar bears (D:12)
  5 trolls
  A tyrant leech (Lair:6)
  2 hornets
  11 blink frogs
  19 dream sheep
  5 hippogriffs
  5 slime creatures
  A redback (Lair:4)
  2 shadows
  2 centaur simulacra (D:12)
  Sigmund (D:2)
  3 wyverns
  A hog (D:15)
  38 yaks
  A steam dragon (D:12)
  3 vampire mosquitoes (Lair:6)
  3 basilisks
  A soldier ant (D:13)
  10 porcupines
  8 water moccasins
  9 orc warriors
  4 sky beasts
  7 ice beasts
  4 black bears
  2 necrophages
  2 eyes of draining
  8 wolves
  5 centaurs
  8 ogres
  8 crocodiles
  9 big kobolds
  19 bullfrogs
  10 scorpions
  10 killer bees
  5 wights (D:11)
  A howler monkey (D:5)
  An electric eel (Lair:1)
  10 crimson imps
  2 lava snakes (D:10)
  5 centaur zombies (Ossuary)
  2 bullfrog zombies
  6 jellies
  3 quasits
  8 orc priests
  11 hounds
  4 bullfrog skeletons
  5 centaur skeletons
  9 orc wizards
  Jessica (D:3)
  7 worker ants
  A killer bee zombie (Ossuary)
  A bullfrog simulacrum (D:12)
  4 hound zombies
  A hound skeleton (D:11)
  15 mummies (Ossuary)
  2 worker ant zombies (Ossuary)
  Robin (D:2)
  3 gnolls (D:4)
  32 adders
  3 river rats
  4 shadow imps
  An ufetubus (D:12)
  3 oozes
  3 adder zombies (Ossuary)
  An adder skeleton (D:5)
  3 worms
  A dart slug (D:5)
  2 leopard geckos
  82 orcs
  A bat (D:1)
  4 giant cockroaches
  9 hobgoblins
  17 jackals
  18 kobolds
  4 quokkas
  8 ball pythons
  3 frilled lizards
  A giant cockroach zombie (D:5)
  16 goblins
  A leopard gecko skeleton (D:4)
  2 quokka skeletons (D:4)
  4 quokka zombies (Ossuary)
  15 rats
  4 fungi
  4 plants
647 creatures vanquished.

Vanquished Creatures (others)
  A kobold demonologist (D:13)
  A hornet (D:12)
  17 fungi
  56 plants
75 creatures vanquished.

Grand Total: 722 creatures vanquished

Notes
Turn   | Place    | Note
-------+----------+-------------------------------------------
     0 | D:1      | Ijustatesigmund the Octopode Fighter began the quest for
                  | the Orb.
     0 | D:1      | Reached XP level 1. HP: 16/16 MP: 1/1
   220 | D:1      | Reached XP level 2. HP: 21/21 MP: 2/2
  1329 | D:2      | Found a white marble altar of Elyvilon.
  1345 | D:2      | Reached skill level 3 in Axes
  1345 | D:2      | Reached XP level 3. HP: 26/26 MP: 3/3
  1658 | D:2      | Found a bloodstained altar of Trog.
  1764 | D:2      | Reached XP level 4. HP: 31/33 MP: 4/4
  1893 | D:2      | Noticed Sigmund
  1909 | D:2      | Killed Sigmund
  1909 | D:2      | Reached skill level 5 in Axes
  1909 | D:2      | Reached XP level 5. HP: 24/38 MP: 5/5
  2218 | D:2      | Noticed Robin
  2221 | D:2      | Reached XP level 6. HP: 37/44 MP: 6/6
  2227 | D:2      | Killed Robin
  2669 | D:3      | Noticed Jessica
  2674 | D:3      | Killed Jessica
  2797 | D:3      | Found a stormy altar of Qazlal.
  3276 | D:4      | Found a sparkling altar of Nemelex Xobeh.
  3389 | D:4      | Reached XP level 7. HP: 46/49 MP: 7/7
  3692 | D:4      | Reached skill level 5 in Fighting
  4397 | D:5      | Entered Level 5 of the Dungeon
  4500 | D:5      | Reached skill level 6 in Axes
  4503 | D:5      | Reached XP level 8. HP: 56/56 MP: 8/8
  4978 | D:5      | Reached skill level 5 in Shields
  5073 | D:5      | Reached skill level 5 in Dodging
  5837 | D:5      | Found an iron altar of Okawaru.
  5845 | D:5      | Found a glowing silver altar of Zin.
  5953 | D:6      | Found a glowing drain.
  5961 | Sewer    | Entered a sewer
  6013 | Sewer    | Reached skill level 7 in Axes
  6013 | Sewer    | Reached XP level 9. HP: 63/63 MP: 9/9
  6748 | D:6      | Found a staircase to the Ecumenical Temple.
  6760 | Temple   | Entered the Ecumenical Temple
  6831 | Temple   | Became a worshipper of Cheibriados the Contemplative
  7056 | D:7      | Found a sand-covered staircase.
  7065 | Ossuary  | Entered an ossuary
  7081 | Ossuary  | Reached skill level 1 in Stealth
  7119 | Ossuary  | Reached skill level 1 in Invocations
  7233 | Ossuary  | Reached * piety under Cheibriados
  7656 | D:7      | Noticed a hornet
  7665 | D:7      | Killed a hornet
  7806 | D:7      | Reached XP level 10. HP: 55/71 MP: 10/12
  8123 | D:8      | Found a shattered altar of Ashenzari.
  8168 | D:8      | Reached skill level 8 in Axes
  8268 | D:8      | Reached ** piety under Cheibriados
  8688 | D:8      | Noticed a three-headed hydra
  8967 | D:8      | Killed a three-headed hydra
  9547 | D:9      | Reached skill level 5 in Invocations
  9596 | D:9      | Reached *** piety under Cheibriados
  9615 | D:9      | Reached XP level 11. HP: 78/78 MP: 14/14
  9845 | D:9      | Identified a scroll of acquirement
  9845 | D:9      | Acquired a manual of Axes
  9988 | D:9      | Reached skill level 9 in Axes
 10163 | D:10     | Entered Level 10 of the Dungeon
 10326 | D:10     | Reached **** piety under Cheibriados
 10784 | D:10     | Found a roughly hewn altar of Beogh.
 10854 | D:10     | Noticed a death yak
 10869 | D:10     | Killed a death yak
 10991 | D:10     | Found a staircase to the Lair.
 10993 | D:10     | Noticed a death yak
 10993 | D:10     | Noticed a death yak
 11015 | D:10     | Killed a death yak
 11022 | D:10     | Killed a death yak
 11252 | D:10     | Killed an unseen horror
 11252 | D:10     | Reached skill level 10 in Axes
 11438 | D:10     | Noticed an orange crystal statue
 11493 | D:10     | Found a staircase to the Orcish Mines.
 11507 | D:10     | Found a roughly hewn altar of Beogh.
 11510 | D:10     | Reached ***** piety under Cheibriados
 12244 | D:11     | Reached skill level 1 in Evocations
 12499 | D:11     | Noticed a sixfirhy
 12504 | D:11     | Reached XP level 12. HP: 85/85 MP: 17/17
 12591 | D:11     | Noticed a two-headed ogre
 12600 | D:11     | Killed a two-headed ogre
 12600 | D:11     | Reached skill level 11 in Axes
 13365 | D:12     | Noticed a two-headed ogre
 13370 | D:12     | Killed a two-headed ogre
 13611 | D:12     | Reached skill level 12 in Axes
 13616 | D:12     | Reached skill level 5 in Evocations
 13845 | D:12     | Noticed an eight-headed hydra
 13846 | D:12     | Noticed a four-headed hydra
 13855 | D:12     | Killed a four-headed hydra
 13892 | D:12     | Killed a one-headed hydra
 13925 | D:12     | Noticed a six-headed hydra
 13938 | D:12     | Killed a three-headed hydra
 14203 | D:12     | Reached skill level 13 in Axes
 14726 | D:13     | Found a viscous altar of Jiyva.
 14728 | D:13     | Reached ****** piety under Cheibriados
 14748 | D:13     | Reached XP level 13. HP: 87/90 MP: 20/20
 14830 | D:13     | Gained mutation: Your mind is acute. (Int +2) [potion of
                  | mutation]
 14830 | D:13     | Gained mutation: Your mind is very acute. (Int +4) [potion
                  | of mutation]
 15464 | D:13     | You fall into a shaft and drop 2 floors!
 15464 | D:15     | Entered Level 15 of the Dungeon
 15465 | D:15     | Noticed Kirke
 15484 | D:15     | Found a frozen archway.
 15500 | IceCv    | Entered an ice cave
 15508 | IceCv    | Reached skill level 10 in Invocations
 15526 | IceCv    | Found a transporter.
 15606 | IceCv    | Found a transporter.
 16003 | D:14     | Reached skill level 10 in Fighting
 16520 | D:13     | Found Taxeh's Food Shop.
 16934 | Lair:1   | Entered Level 1 of the Lair of Beasts
 16957 | Lair:1   | Reached skill level 14 in Axes
 17850 | Lair:2   | You fall into a shaft and drop 1 floor!
 17861 | Lair:3   | Reached skill level 10 in Dodging
 17896 | Lair:3   | Reached skill level 10 in Shields
 18042 | Lair:2   | Acquired the +9 executioner's axe of the Slicing Hero
                  | {flame, Int+4}
 18135 | Lair:2   | Reached XP level 14. HP: 91/99 MP: 22/22
 18317 | Lair:2   | Found a staircase to the Swamp.
 19089 | Lair:3   | Noticed Urug
 19097 | Lair:3   | Killed Urug
 20353 | Lair:4   | Reached skill level 15 in Axes
 20459 | Lair:4   | Found a hole to the Spider Nest.
 22224 | Lair:5   | Found a viscous altar of Jiyva.
 22224 | Lair:5   | Found a staircase to the Slime Pits.
 22328 | Lair:6   | Entered Level 6 of the Lair of Beasts
 22887 | Lair:6   | Slain by a death yak

Illustrated notes

Levels and vault maps discovered:
D:1:      giann_horns, layout_loops_corners, serial_co_window_serial,
          co_window_paths_a, co_window_paths_b, co_window_paths_b,
          co_window_of_opportunity_a, co_window_corner_a, co_window_paths_a,
          co_window_paths_a, co_window_of_opportunity_c,
          co_window_unsneaky_path_a, co_window_2corner, co_window_corner_ca,
          co_window_4corner_a, glass_columns_a, glass_columns_b,
          glass_columns_b, glass_columns_c
D:2:      layout_basic, nicolae_overflow_crystal_walls,
          minmay_misc_feat_nine_boxes, trog_three_pillars_becter, uniq_sigmund,
          uniq_robin
D:3:      layout_basic, grunt_qazlal_sundering, minmay_shallow_snake_nest,
          uniq_jessica
D:4:      layout_basic, nemelex_xobeh_ov_fountains_minmay
D:5:      layout_loops_corners, amethyst_overflow_temple_binary, first_ration,
          minmay_divided_ellipse
D:6:      layout_loops_cross, temple_statues, lightli_sewer_entry_pipes,
          kennysheep_generic_room_15
D:7:      layout_basic, lightli_ossuary_entry_decrepit_ruins
D:8:      layout_basic, hangedman_ranch [blue_anna_fruit_fields],
          cheibrodos_ashenzari_chains
D:9:      layout_cave_pods
D:10:     layout_roguey [special_room_orc], dpeg_lair_monsters,
          minmay_orc_entry_temple_small, disabler_island
D:11:     layout_gridville
D:12:     layout_loops_ring, serial_ice, serial_ice_l, serial_ice_e,
          serial_ice_c, serial_ice_b, minmay_misc_feat_room
D:13:     layout_roguey, serial_shops, nicolae_shop_behind_doors, jiyva_altar_1
D:14:     layout_stronghold, skrybe_vaults_entry_preservation, nrook_campfire,
          uniq_agnes
D:15:     grunt_enter_depths_magical_seal, layout_cave_pods, roderic_lattice_a,
          portal_ice_cave_rime, fedhas_bush_and_centaur_altar, uniq_kirke
Temple:   dpeg_five_rooms_temple
Lair:1:   layout_chaotic_city, beast_lair_carwin_11, infiniplex_staircase_pool
Lair:2:   minmay_lair_venomous_thicket, layout_loops_ring, swamp_mist_pool
Lair:3:   layout_cave_pods, grunt_megastairs_1, minmay_lair_oklob_chamber,
          uniq_urug
Lair:4:   layout_gridlike, spider_nest_entry_rubble
Lair:5:   layout_roguey, dpeg_slime_entry_enclosed_altar
Lair:6:   minmay_lair_end_frog_pond, layout_cave_shapes,
          nicolae_quartered_pool_little, guppyfry_lair_drakes

Skill      XL: |  1  2  3  4  5  6  7  8  9 10 11 12 13 14 |
---------------+-------------------------------------------+-----
Axes           | 3 5 6 7 8 10 13 14 15 | 15.7
Fighting       | 4 5 6 7 8 9 10 11 | 11.6
Dodging        | 4 5 6 7 8 10 11 | 11.2
Shields        | 4 5 6 7 8 10 | 10.0
Stealth        | 3 |  3.2
Invocations    | 2 5 7 9 10 12 | 12.0
Evocations     | 2 6 |  6.3

Action                   |  1- 3 |  4- 6 |  7- 9 | 10-12 | 13-15 || total
-------------------------+-------+-------+-------+-------+-------++-------
Melee: War axe           |    52 |    98 |   300 |   363 |   196 ||  1009
       Constrict         |    14 |    31 |    86 |    74 |    53 ||   258
       Tentacles         |    10 |    21 |    91 |   171 |   141 ||   434
       Hand axe          |       |       |       |    18 |     6 ||    24
       Executioner's axe |       |       |       |       |   140 ||   140
Invok: Slouch            |       |       |       |       |     4 ||     4
Evoke: Wand              |       |       |       |    22 |     9 ||    31
  Use: Scroll            |       |     9 |     9 |     9 |    16 ||    43
       Potion            |       |     1 |       |     1 |     9 ||    11
 Stab: Sleeping          |     5 |     2 |    21 |    23 |    33 ||    84
       Distracted        |       |       |     1 |     4 |     3 ||     8
       Confused          |       |       |       |     1 |       ||     1
       Paralysed         |       |       |       |       |     4 ||     4
  Eat: Chunk             |     1 |     7 |     8 |     9 |    10 ||    35
       Ration            |       |       |     2 |       |     2 ||     4
Armor: Skin              |     9 |    27 |    22 |    27 |    10 ||    95
Dodge: Dodged            |    25 |    44 |    96 |   159 |   237 ||   561
Block: Kite shield       |    21 |    40 |   154 |   411 |   199 ||   825
       Reflection        |       |       |       |    24 |     6 ||    30
       Other             |       |       |       |       |    33 ||    33
